 Dungeon Crawl Stone Soup version 0.31-a0-995-g04711c9635 (webtiles) character file.

Game seed: 17200178113913692402

44 Dirtsage the Insei (level 3, 0/24 HPs)
             Began as an Octopode Shapeshifter on Nov 6, 2023.
             Slain by a ball python (1 damage)
             ... on level 2 of the Dungeon.
             The game lasted 00:01:38 (1105 turns).

Dirtsage the Insei (Octopode Shapeshifter)          Turns: 1105, Time: 00:01:39

Health: 0/24       AC:  1    Str: 13    XL:     3   Next: 60%
Magic:  0/3        EV: 10    Int: 12    God:
Gold:   51         SH:  0    Dex: 13    Spells: 2/2 levels left

rFire   . .          .
                       - Unarmed
rCold   . . .        (no shield)
rNeg    . . .        (helmet currently unavailable)
rPois   .            g - amulet of guardian spirit
rElec   .            (no ring)
rCorr   .            (no ring)
SInv    .            (no ring)
Will    .....        (no ring)
Stlth   ++           (no ring)
HPRegen 0.24/turn    (no ring)
MPRegen 0.08/turn    (no ring)
                     (no ring)

%: guardian spirit
@: lethally poisoned (0 -> -3), beast-form, constricted
A: beast (slay +2), almost no armour, amphibious, 8 rings, camouflage 1,
gelatinous body 1, (nimble swimmer 1), tentacles
a: Begin Untransformation


You were on level 2 of the Dungeon.
You were a hulking beast.
You visited 1 branch of the dungeon, and saw 2 of its levels.

You collected 51 gold pieces.

Inventory:

Jewellery
 g - an amulet of guardian spirit (around mantle)
Talismans
 b - a beast talisman
 c - a flux talisman
Scrolls
 h - 2 scrolls of fear {unknown}
Potions
 a - 2 potions of lignification
 d - a potion of invisibility {unknown}
 e - a potion of curing {unknown}
 f - a potion of attraction {unknown}


   Skills:
 + Level 1.7 Fighting
 - Level 2.0 Dodging
 * Level 3.6 Unarmed Combat
 * Level 3.5 Shapeshifting


You had 2 spell levels left.
You didn't know any spells.
Your spell library was empty.

Dungeon Overview and Level Annotations

Branches:
Dungeon (2/15)

Altars:


Innate Abilities, Weirdness & Mutations

You are a hulking beast.
Your limbs bulge with bestial killing power. (Slay +2)
You cannot wear most types of armour.
You are amphibious.
You can wear up to eight rings at the same time.
Your skin changes colour to match your surroundings (Stealth+).
Your rubbery body absorbs attacks. (AC +1, EV +1)
((You are camouflaged when in or above water. (Stealth+)))
You have tentacles for arms and can constrict up to eight enemies at once.


Message History

The frilled lizard hisses angrily.
You take 1 damage, and have 16/23 hp.
You closely miss the adder. Your grab misses the adder.
Your squeeze misses the adder.
The adder is severely wounded.
You feel sick. The adder bites you.
You are more poisoned.
The adder poisons you! The ball python barely misses you.
The ball python grabs you. The ball python constricts you.
The frilled lizard bites you.
You take 4 damage, and have 12/23 hp.
You now have 1/3 mp.
You are too injured to fight recklessly!
You are too injured to fight recklessly!
You miss the adder. You grab the adder.
The adder is severely wounded.
You constrict the adder.
You feel sick. The adder barely misses you. The ball python barely misses you.
The ball python constricts you. The frilled lizard closely misses you.
The adder bites you.
You take 3 damage, and have 9/23 hp.
You tentacle-slap the adder.
You kill the adder!
You feel sick. The ball python bites you. The ball python constricts you.
* * * LOW HITPOINT WARNING * * *
The frilled lizard barely misses you.
You take 3 damage, and have 6/24 hp.
You barely miss the frilled lizard. Your grab misses the frilled lizard.
Your tentacle-slap misses the frilled lizard.
You feel sick. The ball python bites you.
* * * LOW HITPOINT WARNING * * *
The ball python constricts you. The frilled lizard barely misses you.
You take 2 damage, and have 4/24 hp.
You tentacle-slap the frilled lizard.
You kill the frilled lizard!
* * * LOW HITPOINT WARNING * * *
You feel sick. The ball python bites you.
* * * LOW HITPOINT WARNING * * *
The ball python constricts you.
* * * LOW HITPOINT WARNING * * *
The ball python bites you.
You die...

.#. ... #.#
... # #.#
#.#.# #
###.#S##.#
#...†h...#
#.###.#.##
#.###.#.#
#.##..#.#
#.##.##.# .
#.##.##.####.#
#.............
####.##.#..#..
#.†........


You could see a ball python.

Vanquished Creatures
  An adder (D:2)
  A dart slug (D:1)
  3 bats (D:1)
  2 endoplasms (D:1)
  A giant cockroach (D:2)
  3 goblins
  5 hobgoblins
  3 quokkas (D:1)
  3 ball pythons (D:1)
  2 frilled lizards
  4 kobolds (D:1)
  4 rats (D:1)
32 creatures vanquished.

Notes
Turn   | Place    | Note
-------+----------+-------------------------------------------
     0 | D:1      | Dirtsage the Octopode Shapeshifter began the quest for the
                  | Orb.
     0 | D:1      | Reached XP level 1. HP: 13/13 MP: 1/1
   150 | D:1      | Reached XP level 2. HP: 18/18 MP: 2/2
   572 | D:1      | Reached XP level 3. HP: 20/23 MP: 3/3
  1105 | D:2      | HP: 1/24 [constriction (1)]
  1105 | D:2      | Slain by a ball python

Illustrated notes

Levels and vault maps discovered:
D:1:      elethiomel_arrival_shortcut, layout_loops_corners,
          chequers_serial_rivers_small_a
D:2:      layout_loops_cross

Action                     || total
---------------------------++-------
  Melee: Unarmed           ||    63
         Constrict         ||    11
         Tentacles         ||     5
         Punch             ||     1
   Stab: Sleeping          ||     9
 Armour: Skin              ||    30
  Dodge: Dodged            ||    29

Table legend: (Time is in decaauts)
 A = Elapsed time spent in this place.
 B = Non-inter-level travel time spent in this place.
 C = Inter-level travel time spent in this place.
 D = Time resting spent in this place.
 E = Time spent auto-exploring this place.
 F = Levels seen in this place.
 G = Mean time per level.
                   A        B        C        D        E       F      G
               +--------+--------+--------+--------+--------+-----+--------+
         Total |   1101 |   1062 |     39 |      0 |    889 |   2 |  550.5 |
       Dungeon |   1101 |   1062 |     39 |      0 |    889 |   2 |  550.5 |
               +--------+--------+--------+--------+--------+-----+--------+

Top non-repeatable levels by time:
     D:1: 1027 daAuts
     D:2: 73 daAuts
